AoeStats
← che_wacca

Arena

510134206Analyzed
3v3 RM · 3d ago on Sep 29, 2026· 38m 54s· 6 players
Game mode
Random Map
Map size
Normal (6 player)
Population
200
Speed
Normal
Resources
Standard
Victory
Conquest
Starting age
Dark Age
Ending age
Imperial Age
RankedLock teamsTeams togetherTeam positionsShared explorationLock speedFull tech treeHidden civsTurbo modeCheats
Victory
Defeat
🇪🇸 Poles · Spain
1229
+9
🇪🇸 Japanese · Spain
1093
+14
🇦🇷 Franks · Argentina
913
+20
🇩🇪 Ethiopians · Germany
1140
-18
🇩🇪 Tupi · Germany
1087
-16
🇩🇪 Vietnamese · Germany
894
-9
che_wacca
11:34 Feudal Age
15:59 Castle Age
15:53 Double-Bit Axe
17:55 Fletching
20:57 Horse Collar
25:17 Bow Saw
25:08 Heavy Plow
25:05 Man-at-Arms
25:58 Forging
25:48 Scale Mail Armor
26:12 Long Swordsman
35:28 Imperial Age
33:44 Wheelbarrow
35:16 Redemption
35:54 Two-Handed Swordsman
37:36 Loom
38:06 Hand Cart
37:17 Champion
39:48 Chain Mail Armor
Mampi Yao
10:12 Feudal Age
14:15 Castle Age
12:36 Double-Bit Axe
15:05 Horse Collar
16:19 Bow Saw
22:01 Gold Mining
25:22 Coinage
27:57 Imperial Age
26:06 Wheelbarrow
26:10 Scale Barding Armor
26:15 Szlachta Privileges
26:18 Loom
28:11 Chain Barding Armor
29:03 Conscription
28:47 Cavalier
29:39 Forging
33:14 Bloodlines
33:04 Husbandry
36:29 Pikeman
lukelucky13
10:56 Feudal Age
12:15 Double-Bit Axe
14:31 Loom
18:09 Castle Age
16:24 Fletching
16:35 Padded Archer Armor
18:59 Bodkin Arrow
19:20 Leather Archer Armor
19:38 Bow Saw
22:42 Ballistics
24:43 Wheelbarrow
28:15 Ordonnance Companies
31:37 Imperial Age
31:46 Cranequins
34:45 Chemistry
33:31 Heavy Mounted Crossbowman
kingnick8238
0:26 Loom
11:37 Feudal Age
14:19 Double-Bit Axe
14:27 Gold Mining
16:55 Castle Age
14:42 Double-Bit Axe
16:33 Stone Mining
17:20 Horse Collar
23:45 Crossbowman
24:57 Heavy Plow
25:39 Bow Saw
27:02 Fletching
28:38 Wheelbarrow
27:49 Town Watch
29:04 Scale Mail Armor
29:01 Bodkin Arrow
30:38 Padded Archer Armor
30:48 Forging
31:20 Hand Cart
31:14 Thumb Ring
32:16 Gold Mining
33:43 Stone Shaft Mining
34:05 Leather Archer Armor
34:26 Iron Casting
37:20 Gold Shaft Mining
37:07 Chain Mail Armor
41:11 Imperial Age
Pumba
10:33 Feudal Age
12:12 Loom
14:39 Castle Age
13:18 Double-Bit Axe
13:48 Horse Collar
14:39 Stone Mining
15:47 Bow Saw
17:41 Fletching
18:55 Padded Archer Armor
21:31 Wheelbarrow
21:34 Heavy Plow
22:10 Gold Mining
23:13 Bodkin Arrow
24:40 Ballistics
27:26 Hand Cart
27:40 Town Watch
31:13 Imperial Age
28:57 Champi Runner
30:25 Caciques
30:32 Scale Mail Armor
30:37 Champi Warrior
31:20 Squires
30:45 Pikeman
32:05 Chain Mail Armor
32:00 Forging
33:55 Plate Mail Armor
33:37 Elite Champi Warrior
37:05 Guard Tower
38:17 Chemistry
38:59 Conscription
Beltscharzar
13:46 Feudal Age
19:07 Castle Age
21:04 Double-Bit Axe
23:07 Bow Saw
22:56 Fletching
23:06 Padded Archer Armor
22:35 Elite Skirmisher
25:13 Wheelbarrow
24:23 Town Watch
24:24 Loom
24:54 Horse Collar
25:11 Gold Mining
25:14 Stone Mining
26:21 Thumb Ring
26:39 Bodkin Arrow
31:59 Forging
31:55 Scale Barding Armor
32:05 Leather Archer Armor
32:32 Husbandry
32:53 Bloodlines
33:20 Iron Casting
32:34 Pikeman
33:15 Squires
33:53 Scale Mail Armor
34:15 Chain Barding Armor
34:37 Hand Cart
34:23 Town Patrol
Connection lost

Rejoining the realm…

Still unreachable

The connection could not be restored.

Session expired

The server has moved on; the page needs a fresh start.